 Dungeon Crawl Stone Soup version 0.26-a0-651-gb41185065b (webtiles) character file.

Game seed: 3834846466118834303

10394 kae the Transmogrifier (level 11, -6/97 HPs)
             Began as a Naga Transmuter on Oct 30, 2020.
             Was a High Priest of Cheibriados.
             Mangled by a death yak (16 damage)
             ... on level 11 of the Dungeon.
             The game lasted 00:10:40 (15061 turns).

kae the Transmogrifier (Naga Transmuter)           Turns: 15061, Time: 00:10:40

Health: -6/97      AC:  7    Str: 27    XL:     11   Next: 61%
Magic:  12/14      EV: 16    Int: 30    God:    Cheibriados [*****.]
Gold:   790        SH:  5    Dex: 23    Spells: 5/14 levels left

rFire    . . .     SeeInvis +     - Unarmed
rCold    . . .     Faith    .   (shield currently unavailable)
rNeg     . . .     Spirit   .   a - +1 robe
rPois    +         Reflect  +   (no helmet)
rElec    .         Harm     .   x - +0 cloak
rCorr    +         Rampage  .   (gloves currently unavailable)
MR       +....                  (no barding)
Stlth    ++........             y - amulet of reflection
HPRegen  0.26/turn              g - +6 ring of intelligence
MPRegen  0.14/turn              o - ring of resist corrosion

@: about to teleport, blade hands, very slightly contaminated, invisible, very
slow
A: large, see invisible, deformed body, poison resistance, slowness 2, spit
poison 1, AC +3
a: Spit Poison, End Transformation, Bend Time, Temporal Distortion, Slouch, Step
From Time, Renounce Religion


You were on level 11 of the Dungeon.
You worshipped Cheibriados.
Cheibriados was extremely pleased with you.
You had blades for hands.
You visited 2 branches of the dungeon, and saw 12 of its levels.
You also visited: Sewer.

You collected 790 gold pieces.

Inventory:

Armour
 a - a +1 robe (worn)
 x - a +0 cloak (worn)
Jewellery
 g - a +6 ring of intelligence (left scythe-like blade)
 o - a ring of resist corrosion (right scythe-like blade)
 y - an amulet of reflection (around neck)
 A - an uncursed ring of protection from cold {unknown}
 E - an uncursed ring of protection from magic {unknown}
Wands
 i - a wand of enslavement (19)
 j - a wand of paralysis (22)
 w - a wand of polymorph (6)
 C - a wand of flame (16)
Scrolls
 h - a scroll of enchant weapon
 m - 2 scrolls of teleportation
 p - 3 scrolls of magic mapping
 r - 2 scrolls of amnesia
 s - a scroll of enchant armour
 D - 2 scrolls of remove curse
Potions
 b - 5 potions of haste
 c - 5 potions of flight
 d - a potion of might
 e - a potion of mutation
 f - 2 potions of brilliance
 k - 3 potions of berserk rage
 l - 4 potions of stabbing
 q - 2 potions of ambrosia
 t - 2 potions of curing
 v - a potion of lignification {unknown}
 z - 3 potions of magic {unknown}


   Skills:
 + Level 6.2 Fighting
 + Level 2.6 Armour
 + Level 7.6 Dodging
 - Level 9.0 Unarmed Combat
 - Level 2.0 Spellcasting
 - Level 11.1 Transmutations
 - Level 3.0 Poison Magic


You had 5 spell levels left.
You knew the following spells:

 Your Spells              Type           Power        Failure   Level
a - Beastly Appendage     Tmut           ######       7%          1
b - Spider Form           Tmut/Pois      #####.....   17%         3
c - Blade Hands           Tmut           ######....   22%         5

Your spell library contained the following spells:

 Spells                   Type           Power        Failure   Level
 Wereblood                Tmut           ######..     8%          2
 Passwall                 Tmut/Erth      #####...     17%         2
 Animate Skeleton         Necr           #.....       41%         1
 Apportation              Tloc           #.....       41%         1
 Corona                   Hex            #......      41%         1
 Sandblast                Erth           #.....       41%         1
 Summon Small Mammal      Summ           #...         41%         1
 Ice Form                 Ice/Tmut       #####...     43%         4
 Petrify                  Tmut/Erth      #####...     43%         4
 Alistair's Intoxication  Tmut/Pois      #####....    50%         5
 Yara's Violent Unravell  Hex/Tmut       #####.....   65%         5
 Lesser Beckoning         Tloc           #.........   67%         3
 Stone Arrow              Conj/Erth      #.....       67%         3
 Tukima's Dance           Hex            #.......     67%         3
 Cause Fear               Hex            #.........   92%         4
 Lee's Rapid Deconstruct  Erth           #.........   99%         5
 Silence                  Hex/Air        #.........   99%         5
 Invisibility             Hex            #.......     100%        6
 Discord                  Hex            #.........   100%        8


Dungeon Overview and Level Annotations

Branches:
Dungeon (11/15)            Temple (1/1) D:6            Lair (0/6) D:11
  Sewer (visited)
    Orc: D:9-12

Altars:
Ashenzari
Cheibriados
Dithmenos
Elyvilon
Fedhas
Gozag
Hepliaklqana
Kikubaaqudgha
Makhleb
Nemelex Xobeh
Okawaru
Qazlal
Ru
Sif Muna
Trog
Uskayaw
Vehumet
Wu Jian
Xom
Yredelemnul
Zin
The Shining One

Annotations:
D:11 exclusion: death yak


Innate Abilities, Weirdness & Mutations

You cannot wear boots.
Your serpentine skin is tough. (AC +3)
You have supernaturally acute eyesight. (SInv)
Armour fits poorly on your strangely shaped body.
Your system is resistant to poisons. (rPois)
You cover ground very slowly.
You can spit poison.


Message History

The death yak is heavily wounded.
The death yak gores you!! The death yak completely misses you.
You slash the death yak!
The death yak is severely wounded.
The death yak gores you! The death yak gores you!!
* * * LOW HITPOINT WARNING * * *
The death yak barely misses you.
The death yak bellows!
As you read the scroll of fear, it crumbles to dust.
You assume a fearsome visage.
The death yak looks frightened! x4
The death yak resists with almost no effort. x2
The death yak looks frightened!
The bullfrog zombie is unaffected.
The death yak gores you!
* * * LOW HITPOINT WARNING * * *
As you read the scroll of teleportation, it crumbles to dust.
You feel strangely unstable. The death yak gores you.
* * * LOW HITPOINT WARNING * * *
The death yak bellows!
You feel better. The death yak gores you!
You die...

#. #...# #. #...#
+.#######...#####
#...............#
#...............#
#..Y...Y........#
#......####'##..#
#.#.#...#.....#..#
.. #@†.#.....#..#
... #YY.#.....#..#
...
...Z.#######..# ..
.Y....Y. ...# o
.........Y. ...#
>....##+##.>. .###
..... ... .##...
..


You could see 7 death yaks and a bullfrog zombie (wandering).

Vanquished Creatures
  Erolcha (D:9)
  Erica (D:10)
  A death yak (D:11)
  Pikel (D:7)
  Psyche (D:9)
  3 trolls
  2 hornets (D:10)
  2 hippogriffs (D:7)
  Prince Ribbit (D:6)
  A wyvern (D:10)
  A shadow (D:11)
  Duvessa (D:6)
  Edmund (D:4)
  A water moccasin (D:6)
  6 ice beasts
  Purgy (Sewer)
  2 orc warriors
  3 sky beasts
  A necrophage (D:9)
  4 ogres
  2 wolves (D:8)
  3 centaurs
  A crocodile (D:10)
  2 big kobolds (D:10)
  11 bullfrogs
  A wyvern zombie (D:8)
  Dowan (D:6)
  4 scorpions
  5 killer bees
  11 wights
  A crimson imp (D:5)
  3 howler monkeys (D:8)
  A bullfrog zombie (D:9)
  6 hounds
  3 quasits
  2 jellies
  6 orc priests
  Crazy Yiuf (D:6)
  2 bullfrog skeletons
  2 iguanas
  5 orc wizards
  12 worker ants
  A bullfrog simulacrum (D:8)
  4 hound zombies
  A worker ant zombie (D:3)
  A howler monkey skeleton (D:6)
  3 gnolls (D:5)
  9 adders
  A hound simulacrum (D:8)
  2 shadow imps
  6 white imps
  3 ufetubi
  An ooze (D:6)
  4 worms
  A dart slug (D:1)
  2 adder simulacra (D:8)
  9 leopard geckos
  38 orcs
  2 ball pythons
  3 bats
  9 giant cockroaches
  6 goblins
  5 hobgoblins
  15 jackals
  19 kobolds
  3 quokkas
  2 frilled lizards
  A jackal simulacrum (D:8)
  A jackal skeleton (D:7)
  A jackal zombie (D:7)
  A leopard gecko skeleton (D:7)
  A quokka simulacrum (D:8)
  A quokka skeleton (D:6)
  A quokka zombie (D:8)
  10 rats
287 creatures vanquished.

Notes
Turn   | Place    | Note
-------+----------+-------------------------------------------
     0 | D:1      | kae the Naga Transmuter began the quest for the Orb.
     0 | D:1      | Reached XP level 1. HP: 18/18 MP: 3/3
   348 | D:1      | Reached XP level 2. HP: 25/25 MP: 5/5
  1130 | D:1      | Reached skill level 3 in Transmutations
  1132 | D:1      | Reached XP level 3. HP: 21/31 MP: 4/6
  1137 | D:1      | Learned a level 3 spell: Spider Form
  1767 | D:2      | Found a glowing golden altar of the Shining One.
  1772 | D:2      | Found a basalt altar of Yredelemnul.
  1982 | D:2      | Reached skill level 1 in Poison Magic
  2664 | D:2      | Found a white marble altar of Elyvilon.
  2689 | D:2      | Noticed an angel
  3012 | D:3      | Reached XP level 4. HP: 28/38 MP: 3/7
  3146 | D:3      | Reached XP level 5. HP: 12/44 MP: 5/8
  3493 | D:3      | Reached skill level 4 in Transmutations
  4417 | D:4      | Reached XP level 6. HP: 35/51 MP: 5/9
  4537 | D:4      | Found a glowing drain.
  4541 | Sewer    | Entered a sewer
  4609 | Sewer    | Noticed Purgy
  4621 | Sewer    | Killed Purgy
  4621 | Sewer    | Reached skill level 5 in Transmutations
  4956 | D:4      | Found a bloodstained altar of Trog.
  4970 | D:4      | Noticed Edmund
  4987 | D:4      | Killed Edmund
  4987 | D:4      | Reached XP level 7. HP: 52/57 MP: 7/10
  5339 | D:5      | Entered Level 5 of the Dungeon
  5349 | D:5      | Reached skill level 5 in Unarmed Combat
  5349 | D:5      | Reached skill level 6 in Transmutations
  6010 | D:5      | Reached skill level 7 in Transmutations
  6064 | D:5      | Found a burning altar of Makhleb.
  6141 | D:5      | Reached XP level 8. HP: 50/64 MP: 7/11
  6738 | D:6      | Noticed Duvessa
  6745 | D:6      | Noticed Dowan
  6754 | D:6      | Killed Duvessa
  6765 | D:6      | Killed Dowan
  6867 | D:6      | Found a basalt altar of Yredelemnul.
  6879 | D:6      | Reached skill level 8 in Transmutations
  7024 | D:6      | Noticed Prince Ribbit
  7051 | D:6      | Killed Prince Ribbit
  7359 | D:6      | Reached skill level 9 in Transmutations
  7363 | D:6      | Reached XP level 9. HP: 51/70 MP: 8/12
  7791 | D:6      | Found an opulent altar of Gozag.
  7856 | D:6      | Found a hide-covered altar of Uskayaw.
  8031 | D:6      | Found a runed translucent door.
  8032 | D:6      | Noticed Crazy Yiuf
  8124 | D:6      | Found a staircase to the Ecumenical Temple.
  8155 | Temple   | Entered the Ecumenical Temple
  8288 | Temple   | Became a worshipper of Cheibriados the Contemplative
  8391 | D:6      | Killed Crazy Yiuf
  8391 | D:6      | Reached skill level 10 in Transmutations
  8672 | D:7      | Noticed Pikel
  8693 | D:7      | Killed Pikel
  8806 | D:7      | Found an iron altar of Okawaru.
  8895 | D:7      | Reached skill level 11 in Transmutations
  9250 | D:7      | Reached XP level 10. HP: 76/78 MP: 9/13
  9354 | D:7      | Learned a level 5 spell: Blade Hands
  9520 | D:7      | Reached * piety under Cheibriados
 10409 | D:8      | Found a radiant altar of Vehumet.
 10422 | D:8      | Found a blossoming altar of Fedhas.
 10422 | D:8      | Found a hazy altar of Hepliaklqana.
 10879 | D:8      | Reached ** piety under Cheibriados
 11108 | D:8      | Identified the +2 dire flail of the Smoking Seeker {vorpal,
                  | rElec rF+ Dex+3 Stlth+}
 11838 | D:8      | Found a hide-covered altar of Uskayaw.
 11840 | D:8      | Found a glowing silver altar of Zin.
 11840 | D:8      | Found a snail-covered altar of Cheibriados.
 11842 | D:8      | Found a shimmering altar of Xom.
 11842 | D:8      | Found a sparkling altar of Nemelex Xobeh.
 11842 | D:8      | Found a sacrificial altar of Ru.
 12193 | D:9      | Reached skill level 5 in Fighting
 12444 | D:9      | Reached *** piety under Cheibriados
 12769 | D:9      | Noticed Psyche
 12780 | D:9      | Killed Psyche
 12780 | D:9      | Reached skill level 5 in Dodging
 12840 | D:9      | Noticed Erolcha
 12853 | D:9      | Killed Erolcha
 12853 | D:9      | Reached XP level 11. HP: 63/94 MP: 9/14
 13138 | D:10     | Entered Level 10 of the Dungeon
 13775 | D:10     | Reached **** piety under Cheibriados
 14278 | D:10     | Noticed Erica
 14285 | D:10     | Killed Erica
 14285 | D:10     | Reached skill level 1 in Armour
 14412 | D:10     | Reached ***** piety under Cheibriados
 14491 | D:10     | Paralysed by a kobold for 5 turns
 14500 | D:10     | Paralysed by a kobold for 5 turns
 15041 | D:11     | Found a staircase to the Lair.
 15041 | D:11     | Noticed a death yak
 15043 | D:11     | Noticed a death yak
 15043 | D:11     | Noticed a death yak
 15043 | D:11     | Noticed a death yak
 15043 | D:11     | Noticed a death yak
 15043 | D:11     | Noticed a death yak
 15044 | D:11     | Noticed a death yak
 15046 | D:11     | Noticed a death yak
 15054 | D:11     | Killed a death yak
 15060 | D:11     | HP: 1/97 [death yak (5)]
 15061 | D:11     | Mangled by a death yak

Illustrated notes

Levels and vault maps discovered:
D:1:      elethiomel_arrival_shortcut, layout_loops_ring
D:2:      layout_loops_corners, grunt_temple_overflow_holy_war,
          marbit_many_paths
D:3:      layout_loops_ring
D:4:      layout_rooms, lemuel_doored_altar, gup_sewer_entry_bowl,
          minmay_misc_feat_encased, hex_large, chequers_serial_rivers_large_b,
          uniq_edmund
D:5:      layout_cave_pools, makhleb_grotto_becter, minivault_5
D:6:      layout_gridville, lemuel_round_altar, kennysheep_little_box,
          minmay_temple_entry_antechambers, basic_altar,
          minmay_fractal_squares_gapless_5, uniq_duvessa, uniq_prince_ribbit1,
          uniq_crazy_yiuf_cottage
D:7:      cheibrodos_barr_body, layout_loops_ring, kennysheep_mini,
          minivault_10, uniq_pikel
D:8:      layout_basic, doesnt_xom_only_xom, minitemple, serial_ice,
          serial_ice_f, serial_ice_a, serial_ice_i, serial_ice_d, serial_ice_o,
          serial_ice_h
D:9:      layout_roguey, uniq_erolcha, uniq_psyche
D:10:     layout_roguey, st_stairs_12, grunt_potential, uniq_erica
D:11:     layout_irregular_city, dpeg_lair_monsters, orc_0_dummy, serial_glass,
          glass_columns_c, glass_columns_a, glass_columns_a, glass_columns_b,
          basic_altar, uniq_fannar, uniq_maurice
Temple:   zaba_magenta_temple

Skill      XL: |  1  2  3  4  5  6  7  8  9 10 11 |
---------------+----------------------------------+-----
Transmutations | 3 4 5 7 9 11 | 11.1
Poison Magic   | 2 3 |  3.0
Unarmed Combat | 4 5 6 8 9 |  9.0
Fighting       | 5 6 |  6.2
Dodging        | 6 7 |  7.6
Armour         | 2 |  2.6
Spellcasting   | |  2.0

Action                   |  1- 3 |  4- 6 |  7- 9 | 10-12 || total
-------------------------+-------+-------+-------+-------++-------
Melee: Unarmed           |   106 |   135 |   292 |   375 ||   908
       Headbutt          |     9 |       |       |     1 ||    10
       Punch             |     1 |     1 |       |     6 ||     8
 Cast: Beastly Appendage |    21 |       |       |     1 ||    22
       Spider Form       |     2 |    23 |    37 |    37 ||    99
       Blade Hands       |       |       |       |    16 ||    16
 Abil: Spit Poison       |     8 |     1 |       |     5 ||    14
  Use: Scroll            |       |    11 |     9 |    10 ||    30
       Potion            |       |     2 |     2 |     3 ||     7
 Stab: Sleeping          |       |     2 |       |       ||     2
       Distracted        |       |       |       |     1 ||     1
       Invisible         |       |       |       |     4 ||     4
Armor: Robe              |    13 |     1 |    12 |    47 ||    73
       Skin              |       |     6 |    15 |    13 ||    34
Dodge: Dodged            |    47 |   107 |   241 |   297 ||   692
Block: Other             |       |       |    36 |    92 ||   128
       Reflection        |       |       |       |     4 ||     4

Table legend: (Time is in decaauts)
 A = Elapsed time spent in this place.
 B = Non-inter-level travel time spent in this place.
 C = Inter-level travel time spent in this place.
 D = Time resting spent in this place.
 E = Time spent auto-exploring this place.
 F = Levels seen in this place.
 G = Mean time per level.
                   A        B        C        D        E       F      G
               +--------+--------+--------+--------+--------+-----+--------+
         Total |  18873 |  18166 |    707 |    922 |  15013 |  13 | 1451.8 |
       Dungeon |  18437 |  17800 |    637 |    917 |  14699 |  11 | 1676.1 |
        Temple |    195 |    125 |     70 |      5 |    116 |   1 |  195.0 |
         Sewer |    239 |    239 |      0 |      0 |    196 |   1 |  239.0 |
               +--------+--------+--------+--------+--------+-----+--------+

Top non-repeatable levels by time:
     D:8: 2929 daAuts
    D:10: 2432 daAuts
     D:2: 2203 daAuts
     D:6: 1792 daAuts
     D:7: 1774 daAuts
     D:1: 1694 daAuts
     D:9: 1672 daAuts
     D:5: 1565 daAuts
     D:3: 1234 daAuts
     D:4: 971 daAuts
   Sewer: 239 daAuts
  Temple: 195 daAuts
    D:11: 164 daAuts
